 Dungeon Crawl Stone Soup version 0.19.1-28-ge1247f7 (webtiles) character file.

47551 dondy the Convoker (level 14, 80/80 HPs)
             Began as a Kobold Summoner on Dec 26, 2016.
             Was the Champion of Sif Muna.
             Quit the game on level 1 of the Lair of Beasts on Jan 21, 2017.
             The game lasted 03:38:46 (33846 turns).

dondy the Convoker (Kobold Summoner)               Turns: 33846, Time: 03:38:47

Health: 80/80      AC: 14    Str:  5    XL:     14   Next: 82%
Magic:  28/28      EV: 26    Int: 20    God:    Sif Muna [******]
Gold:   2475       SH:  6    Dex: 17    Spells: 7 memorised, 5 levels left

rFire  + . .     SeeInvis .     a - +2 dagger (elec)
rCold  . . .     Gourm    .     j - +1 robe {rF+}
rNeg   . . .     Faith    +     r - +0 buckler
rPois  .         Spirit   .     m - +1 helmet
rElec  .         Reflect  .     v - +1 cloak
rCorr  .         Harm     .     d - +0 pair of gloves
MR     +....                    p - +0 pair of boots
Stlth  ++........               F - amulet of faith
                                Z - +4 ring of evasion
                                i - +5 ring of protection

@: divine energy
A: carnivore 3
a: Stop Divine Energy, Channel Magic, Forget Spell, Renounce Religion


You were on level 1 of the Lair of Beasts.
You worshipped Sif Muna.
Sif Muna was exalted by your worship.
You were completely stuffed.

You visited 4 branches of the dungeon, and saw 21 of its levels.
You also visited: Ice Cave and Volcano.

You collected 2863 gold pieces.
You spent 388 gold pieces at shops.

Inventory:

Hand Weapons
 a - a +2 dagger of electrocution (weapon)
 b - a +2 dagger of venom
Armour
 d - a +0 pair of gloves (worn)
 j - a +1 robe of fire resistance (worn)
 m - a +1 helmet (worn)
 p - a +0 pair of boots (worn)
 r - a +0 buckler (worn)
 v - a +1 cloak (worn)
Jewellery
 i - a +5 ring of protection (left hand)
 F - an amulet of faith (around neck)
 K - an uncursed ring of ice
 V - a +2 amulet of reflection
 Z - a +4 ring of evasion (right hand)
Wands
 D - a wand of lightning (7/15)
 T - a wand of disintegration (16/24)
 U - a wand of digging (14/24)
Scrolls
 n - 8 scrolls of remove curse
 o - a scroll of torment {unknown}
 C - 5 scrolls of holy word
 E - 2 scrolls of fear
 P - a scroll of fog
 Y - 2 scrolls of teleportation
Potions
 e - 2 potions of magic
 g - 4 potions of curing
 l - 6 potions of flight
 q - a potion of beneficial mutation {unknown}
 t - a potion of cancellation {unknown}
 u - 2 potions of agility
 w - 2 potions of haste
 x - 2 potions of ambrosia
 z - 2 potions of heal wounds
 B - a potion of lignification {unknown}
 H - a potion of invisibility {unknown}
Comestibles
 c - 15 meat rations
 f - 7 beef jerkies
 h - 2 slices of pizza
 G - 13 royal jellies
 J - 5 chunks of flesh


   Skills:
 - Level 6.0 Fighting
 - Level 8.0 Short Blades
 - Level 10.0 Dodging
 - Level 2.6 Stealth
 * Level 4.7 Shields
 - Level 10.0 Spellcasting
 - Level 1.0 Hexes
 + Level 16.8 Summonings
 - Level 1.0 Ice Magic
 - Level 1.0 Air Magic
 - Level 8.0 Invocations


You had 5 spell levels left.
You knew the following spells:

 Your Spells              Type           Power        Failure   Level  Hunger
a - Summon Hydra          Summ           ######....   10%         7    #######
b - Call Imp              Summ           ######..     0%          2    None
c - Call Canine Familiar  Summ           ######..     1%          3    None
d - Summon Guardian Gole  Hex/Summ       #####...     1%          3    None
e - Summon Ice Beast      Ice/Summ       #####...     1%          4    ##.....
f - Summon Lightning Spi  Summ/Air       #####...     1%          4    ##.....
g - Summon Forest         Summ/Tloc      #####.....   10%         5    ####...


Dungeon Overview and Level Annotations

Branches:
Dungeon (12/15)            Temple (1/1) D:4            Lair (6/6) D:9
  Swamp (0/4) Lair:2       Spider (0/4) Lair:2        Slime (0/5) Lair:6
    Orc (2/2) D:12            Elf (0/3) Orc:2

Altars:
Ashenzari
Cheibriados
Dithmenos
Elyvilon
Fedhas
Gozag
Hepliaklqana
Kikubaaqudgha
Makhleb
Nemelex Xobeh
Okawaru
Qazlal
Ru
Sif Muna
Trog
Uskayaw
Vehumet
Xom
Yredelemnul
Zin
The Shining One
Beogh
Jiyva
Lugonu

Shops:
D:7 :}   D:9 ?   D:10 =   Orc:2 !(*((

Annotations:
D:4 exclusion: slave
D:5 dearth's ghost, novice MiFi
Lair:1 exclusion: oklob plant


Innate Abilities, Weirdness & Mutations

You are small and have problems with some larger weapons.
You are carnivorous and can eat meat at any time.


Message History

Drop what? 38/52 slots (_ for help) (? for menu, Esc to quit)
Okay, then.
(D) Dungeon (T) Temple (L) Lair (S) Swamp (N) Spider Nest (M) Slime Pits (O) Orcish Mines (E) Elven Halls
Where to? (? - help)
Okay, then.
Okay, then.
Okay, then.
Okay, then.
Okay, then.
Okay, then.
Okay, then.
Save game and exit?
Level annotation: exclusion: oklob plant Welcome back, dondy the Kobold Summoner.
Sif Muna whispers: I know many secrets...
Press ? for a list of commands and other information.
Are you sure you want to abandon this character and quit the game? (Confirm with "yes".)
Okay, then.
Are you sure you want to abandon this character and quit the game? (Confirm with "yes".)

(....>...........................
.................................
.................................
##P#...###.##########...#####P#.#
###...# ### #...# ##### ##...#
#### ### ##...# ### ###
###....####..###.###....###P###.#
.................................
................@................
[................................
######.#####.##.##.P#####.###.##.
# ### ########## ### #####


There were no monsters in sight!

Vanquished Creatures
  Erolcha (Orc:1)
  An unseen horror (D:10)
  2 orc knights
  2 elephants (Lair:5)
  A black mamba (Lair:6)
  4 spiny frogs
  A torpor snail (Lair:5)
  2 rime drakes (Lair:4)
  A centaur skeleton (D:12)
  3 komodo dragons
  A jumping spider (Lair:2)
  A hornet (Lair:6)
  3 blink frogs
  2 hippogriffs (Lair:5)
  6 wyverns
  4 yaks
  2 redbacks (Lair:6)
  A hungry ghost (D:8)
  2 basilisks
  Duvessa (D:5)
  A water moccasin (Lair:6)
  3 porcupines
  A warg (Orc:1)
  A hell hound (D:9)
  6 orc warriors
  A phantom (D:4)
  4 centaurs
  A wolf (Lair:2)
  7 crocodiles
  8 bullfrogs
  4 killer bees
  A wight (D:7)
  A howler monkey (D:9)
  2 crimson imps
  A hound (D:12)
  4 orc priests
  5 orc wizards
  A bullfrog skeleton (D:6)
  2 iguanas
  3 worker ants
  A howler monkey skeleton (D:5)
  A worker ant zombie (D:7)
  2 adders
  A gnoll (D:10)
  2 leopard geckos
  17 orcs
  A hobgoblin (D:1)
  4 jackals
  3 quokkas
  A frilled lizard (D:3)
  4 kobolds (D:6)
  2 quokka zombies
  3 rats
140 creatures vanquished.

Vanquished Creatures (collateral kills)
  Frances (D:12)
  A stone giant (Orc:2)
  Josephine (Orc:1)
  Snorg (D:10)
  The ghost of schauveau the Basher, a journeyman GrFi of Makhleb (Lair:5)
  A fire dragon (Lair:6)
  The ghost of Xenophilius the Archer, a journeyman CeGl of Okawaru (IceCv)
  3 hydras
  Harold (Orc:1)
  2 catoblepae
  A tengu warrior (D:12)
  Urug (D:10)
  An orc high priest (Orc:1)
  A fire crab (Volcano)
  7 hill giants
  A lindwurm (Volcano)
  2 orc sorcerers
  A manticore (D:11)
  4 orc knights
  A wolf spider (Lair:6)
  3 ugly things
  The ghost of RussianFaggotGlassGo the Cutter, a novice DsAs (D:7)
  4 black mambas
  A guardian serpent (Lair:6)
  Maurice (D:9)
  2 ice statues (IceCv)
  4 elephants
  14 spiny frogs
  2 centaur skeletons
  8 rime drakes
  7 komodo dragons
  2 jumping spiders (Lair:2)
  2 polar bears
  3 trolls
  A queen bee (Lair:3)
  2 hornets (Lair:6)
  Prince Ribbit (D:6)
  12 hippogriffs
  A two-headed ogre (D:12)
  The ghost of dscm the Ducker, an amateur OpEE (D:4)
  24 blink frogs
  A shadow (D:9)
  2 redbacks (Lair:6)
  3 wraiths (Orc:1)
  A vampire (D:9)
  A spriggan (D:7)
  8 basilisks
  38 yaks
  4 fire bats (Volcano)
  20 wyverns
  A hungry ghost (D:8)
  4 steam dragons
  7 wargs
  3 mottled dragons
  13 water moccasins
  4 hell hounds
  6 porcupines
  A swamp drake (Lair:6)
  4 sky beasts
  33 orc warriors
  10 ogres
  3 phantoms
  7 ice beasts
  A necrophage (D:12)
  13 centaurs
  14 wolves
  14 crocodiles
  A big kobold (D:6)
  13 bullfrogs
  Dowan (D:5)
  3 scorpions
  43 killer bees
  2 wights (D:7)
  A howler monkey (D:6)
  3 crimson imps
  A bullfrog zombie (D:11)
  A quasit (D:9)
  3 centaur zombies (D:11)
  5 hounds
  A jelly (D:5)
  22 orc priests
  Crazy Yiuf (D:6)
  A bullfrog skeleton (D:3)
  18 orc wizards
  7 iguanas
  15 worker ants
  A killer bee zombie (D:9)
  A hound skeleton (D:11)
  6 gnolls
  18 adders
  A river rat (Lair:6)
  2 shadow imps
  2 oozes
  2 adder skeletons
  3 dart slugs
  A leopard gecko (D:3)
  94 orcs
  8 giant cockroaches
  6 hobgoblins
  11 jackals
  4 kobolds
  3 quokkas
  7 bats
  A frilled lizard (D:4)
  A goblin (D:1)
  A jackal zombie (D:8)
  A leopard gecko skeleton (D:6)
  2 rats
  8 fungi
  21 plants
692 creatures vanquished.

Vanquished Creatures (others)
  2 yaks (D:9)
  A water moccasin (Lair:6)
  2 orc warriors
  2 orcs (Orc:2)
  44 fungi
  31 plants
  3 snaplasher vines (IceCv)
85 creatures vanquished.

Grand Total: 917 creatures vanquished

Notes
Turn   | Place    | Note
-------+----------+-------------------------------------------
     0 | D:1      | dondy the Kobold Summoner began the quest for the Orb.
     0 | D:1      | Reached XP level 1. HP: 10/10 MP: 3/3
   544 | D:1      | Reached XP level 2. HP: 15/15 MP: 1/5
   552 | D:1      | Learned a level 2 spell: Call Imp
  1523 | D:2      | Reached XP level 3. HP: 19/19 MP: 1/6
  1528 | D:2      | Learned a level 3 spell: Call Canine Familiar
  1658 | D:2      | Reached skill level 5 in Summonings
  2021 | D:3      | Reached XP level 4. HP: 19/24 MP: 1/7
  2799 | D:3      | Reached XP level 5. HP: 26/28 MP: 8/8
  2964 | D:3      | Reached skill level 6 in Summonings
  3668 | D:4      | Noticed dscm's ghost (amateur OpEE)
  3702 | D:4      | Killed dscm's ghost
  3702 | D:4      | Reached skill level 7 in Summonings
  3702 | D:4      | Reached XP level 6. HP: 32/32 MP: 1/9
  4023 | D:4      | Found a shattered altar of Ashenzari.
  4273 | D:4      | Noticed a slave
  4424 | D:4      | Found a staircase to the Ecumenical Temple.
  4432 | Temple   | Entered the Ecumenical Temple
  4486 | Temple   | Became a worshipper of Sif Muna the Loreminder
  4505 | Temple   | Learned a level 3 spell: Summon Guardian Golem
  4567 | D:4      | Reached XP level 7. HP: 36/36 MP: 5/10
  5118 | D:5      | Entered Level 5 of the Dungeon
  5167 | D:5      | Found a hide-covered altar of Uskayaw.
  5167 | D:5      | Noticed dearth's ghost (novice MiFi)
  5292 | D:4      | Reached skill level 8 in Summonings
  5506 | D:5      | Found a hazy altar of Hepliaklqana.
  5507 | D:5      | Found an ancient bone altar of Kikubaaqudgha.
  5507 | D:5      | Found a radiant altar of Vehumet.
  5507 | D:5      | Found a stormy altar of Qazlal.
  5509 | D:5      | Found a snail-covered altar of Cheibriados.
  5957 | D:5      | Noticed Dowan
  5975 | D:5      | Killed Dowan
  6030 | D:6      | Reached skill level 9 in Summonings
  6175 | D:6      | Reached XP level 8. HP: 41/41 MP: 8/11
  6200 | D:6      | Noticed Prince Ribbit
  6519 | D:6      | Reached * piety under Sif Muna
  6686 | D:6      | Got a twisted leather armour
  6983 | D:6      | Killed Prince Ribbit
  7005 | D:6      | Found a runed door.
  7009 | D:6      | Noticed Crazy Yiuf
  7013 | D:6      | Killed Crazy Yiuf
  7013 | D:6      | Reached skill level 10 in Summonings
  7023 | D:6      | Identified the +3 leather armour of Lies {rC+} (You found it on level 6 of the Dungeon)
  7426 | D:5      | Found a glowing golden altar of the Shining One.
  7498 | D:5      | Reached skill level 1 in Hexes
  7552 | D:5      | Noticed Duvessa
  7583 | D:5      | Killed Duvessa
  7583 | D:5      | Reached skill level 1 in Fighting
  8097 | D:7      | Found Noetyxee's Gadget Boutique.
  8212 | D:7      | You fall through a shaft for 2 floors!
  8212 | D:9      | Noticed a shadow
  8410 | D:9      | Found Ytuil's Magic Scroll Shoppe.
  8906 | D:8      | Reached XP level 9. HP: 48/48 MP: 7/14
  9045 | D:8      | Reached ** piety under Sif Muna
  9247 | D:7      | Reached skill level 5 in Dodging
  9334 | D:7      | Found Woom's Book Emporium.
  9368 | D:7      | Noticed RussianFaggotGlassGo's ghost (novice DsAs)
  9395 | D:7      | Killed RussianFaggotGlassGo's ghost
  9395 | D:7      | Reached skill level 5 in Spellcasting
  9781 | D:8      | Found a sacrificial altar of Ru.
 10388 | D:9      | Noticed Maurice
 10394 | D:8      | Reached *** piety under Sif Muna
 10667 | D:9      | Reached skill level 11 in Summonings
 10767 | D:9      | Found a staircase to the Lair.
 10801 | D:9      | Reached XP level 10. HP: 53/53 MP: 17/17
 11128 | D:9      | Reached **** piety under Sif Muna
 11128 | D:9      | Reached skill level 12 in Summonings
 11204 | D:9      | Found a glowing silver altar of Zin.
 11207 | D:9      | Found a burning altar of Makhleb.
 11208 | D:9      | Noticed an Executioner
 11208 | D:9      | Noticed an angel
 11418 | D:9      | Learned a level 4 spell: Summon Ice Beast
 11423 | D:9      | Learned a level 4 spell: Summon Lightning Spire
 11564 | D:9      | Reached skill level 1 in Air Magic
 11604 | D:9      | Found an iron altar of Okawaru.
 11763 | D:9      | Reached skill level 1 in Ice Magic
 11966 | Lair:1   | Entered Level 1 of the Lair of Beasts
 11985 | Lair:1   | Noticed a seven-headed hydra
 11998 | Lair:1   | Noticed a spiny frog
 12001 | Lair:1   | Killed a seven-headed hydra
 12039 | D:9      | Killed a spiny frog
 12673 | Lair:1   | Noticed a spiny frog
 12703 | Lair:1   | Killed a spiny frog
 12785 | Lair:1   | Found a blossoming altar of Fedhas.
 12805 | Lair:1   | Noticed an oklob plant
 13005 | Lair:2   | Noticed a komodo dragon
 13013 | Lair:2   | Found a hole to the Spider Nest.
 13015 | Lair:2   | Killed a komodo dragon
 13015 | Lair:2   | Reached ***** piety under Sif Muna
 13078 | Lair:2   | Found a staircase to the Swamp.
 13102 | Lair:2   | Received a gift from Sif Muna
 13108 | Lair:2   | Reached skill level 13 in Summonings
 13110 | Lair:2   | Reached XP level 11. HP: 57/57 MP: 11/20
 14558 | Lair:3   | Noticed a six-headed hydra
 14569 | Lair:3   | Killed a six-headed hydra
 14625 | Lair:3   | Found a dark tunnel.
 14636 | Volcano  | Entered a volcano
 14900 | Volcano  | Noticed a fire crab
 14910 | Volcano  | Killed a fire crab
 14910 | Volcano  | Reached skill level 14 in Summonings
 15375 | Volcano  | Noticed a lindwurm
 15381 | Volcano  | Identified Sif Muna's Handbook of the Damaging Entourage (Sif Muna gifted it to you in a volcano)
 15381 | Volcano  | Received a gift from Sif Muna
 15383 | Volcano  | Killed a lindwurm
 16730 | D:9      | Killed Maurice
 16787 | D:10     | Entered Level 10 of the Dungeon
 16787 | D:10     | Noticed a hill giant
 16791 | D:10     | Found a hazy altar of Hepliaklqana.
 16795 | D:10     | Noticed a hill giant
 16798 | D:10     | Noticed a hill giant
 16806 | D:10     | HP: 2/57 [hill giant/giant club (18)]
 16807 | D:10     | Killed a hill giant
 16807 | D:10     | Reached skill level 1 in Invocations
 17175 | D:10     | Killed a hill giant
 17175 | D:10     | Reached XP level 12. HP: 64/64 MP: 10/24
 17438 | D:10     | Noticed Snorg
 17443 | D:10     | Found Oneikh's Jewellery Shop.
 17443 | D:10     | Noticed Urug
 17464 | D:10     | Killed Urug
 17564 | D:10     | Bought a cursed -2 ring of intelligence for 26 gold pieces
 17564 | D:10     | Bought a cursed amulet of inaccuracy for 26 gold pieces
 17593 | D:10     | Killed Snorg
 17761 | D:10     | Reached skill level 15 in Summonings
 18291 | D:10     | Killed an unseen horror
 19053 | D:11     | Received a gift from Sif Muna
 19070 | D:11     | Learned a level 5 spell: Summon Forest
 19121 | D:11     | Reached skill level 5 in Fighting
 19219 | D:11     | Reached skill level 1 in Short Blades
 19766 | D:12     | Noticed Frances
 19780 | D:12     | Killed Frances
 19821 | D:12     | Reached skill level 5 in Invocations
 20046 | D:12     | Found a staircase to the Orcish Mines.
 20231 | D:12     | Noticed a tengu warrior
 20243 | D:12     | Killed a tengu warrior
 20546 | Orc:1    | Entered Level 1 of the Orcish Mines
 20827 | Lair:1   | Learned a level 7 spell: Summon Hydra
 20934 | Lair:4   | Noticed a catoblepas
 20980 | Lair:4   | Killed a catoblepas
 20980 | Lair:4   | Reached XP level 13. HP: 62/72 MP: 7/25
 21067 | Lair:3   | Reached skill level 10 in Dodging
 21135 | Lair:4   | Found a frozen archway.
 21143 | IceCv    | Entered an ice cave
 21143 | IceCv    | Noticed Xenophilius's ghost (journeyman CeGl)
 21212 | IceCv    | Killed Xenophilius's ghost
 21212 | IceCv    | Reached skill level 5 in Short Blades
 22715 | Lair:4   | Reached skill level 10 in Spellcasting
 23776 | Lair:5   | Noticed schauveau's ghost (journeyman GrFi)
 23817 | Lair:5   | Killed schauveau's ghost
 24178 | Lair:5   | Identified Sif Muna's Guide on Creative Attacks (Sif Muna gifted it to you on level 5 of the Lair of Beasts)
 24178 | Lair:5   | Received a gift from Sif Muna
 25185 | Lair:5   | Noticed a catoblepas
 25242 | Lair:5   | Killed a catoblepas
 26399 | Lair:6   | Entered Level 6 of the Lair of Beasts
 26399 | Lair:6   | Found a staircase to the Slime Pits.
 26399 | Lair:6   | Found a viscous altar of Jiyva.
 26594 | Lair:6   | Reached XP level 14. HP: 76/80 MP: 7/28
 27622 | Lair:6   | Reached skill level 16 in Summonings
 27850 | Lair:6   | Identified Sif Muna's Catalogue of Evil Rituals and Confrontation (Sif Muna gifted it to you on level 6 of the Lair of Beasts)
 27850 | Lair:6   | Received a gift from Sif Muna
 27852 | Lair:6   | Identified a scroll of acquirement
 28690 | Lair:6   | Reached skill level 1 in Shields
 29532 | Orc:1    | Noticed Josephine
 29542 | Orc:1    | Killed Josephine
 29776 | Orc:1    | Found a bloodstained altar of Trog.
 29944 | Orc:2    | Entered Level 2 of the Orcish Mines
 30696 | Orc:2    | Noticed a stone giant
 30711 | Orc:2    | Killed a stone giant
 30952 | Orc:2    | Found a staircase to the Elven Halls.
 31223 | Orc:2    | Found a roughly hewn altar of Beogh.
 32050 | Orc:2    | Received a gift from Sif Muna
 32077 | Orc:2    | Reached ****** piety under Sif Muna
 32395 | Orc:2    | Found Zireich's Antique Weapon Shoppe.
 32395 | Orc:2    | Found Asongeo's Assorted Antiques.
 32397 | Orc:2    | Found Qaqaruni's Antique Weapon Shop.
 32399 | Orc:2    | Found Zacias's Distillery.
 32414 | Orc:2    | Bought a twisted runed staff for 336 gold pieces
 32478 | Orc:2    | Found Vyof's Weapon Boutique.
 32900 | Orc:1    | Noticed Erolcha
 32904 | Orc:1    | Noticed Harold
 32909 | Orc:1    | Killed Harold
 33499 | Orc:1    | Killed Erolcha
 33846 | Lair:1   | Upgraded the game from 0.19.1 to 0.19.1-28-ge1247f7
 33846 | Lair:1   | Quit the game

Skill      XL: |  1  2  3  4  5  6  7  8  9 10 11 12 13 14 |
---------------+-------------------------------------------+-----
Summonings     | 5 7 9 10 11 13 14 15 16 | 16.8
Hexes          | 1 |  1.0
Fighting       | 2 5 6 |  6.0
Dodging        | 4 7 9 10 | 10.0
Spellcasting   | 3 5 6 8 10 | 10.0
Air Magic      | 1 |  1.0
Ice Magic      | 1 |  1.0
Invocations    | 1 5 7 8 |  8.0
Short Blades   | 4 8 |  8.0
Shields        | 4 |  4.7
Stealth        | |  2.6

Action                   |  1- 3 |  4- 6 |  7- 9 | 10-12 | 13-15 || total
-------------------------+-------+-------+-------+-------+-------++-------
Melee: Unarmed           |    20 |       |       |       |       ||    20
       Dagger            |    33 |    35 |       |   222 |   719 ||  1009
       Spear             |       |    44 |    74 |       |       ||   118
       Quarterstaff      |       |       |    92 |    18 |       ||   110
       Staff             |       |       |       |       |     4 ||     4
 Cast: Summon Small Mamm |    34 |    13 |     9 |       |       ||    56
       Call Imp          |     1 |    35 |    85 |    20 |     8 ||   149
       Call Canine Famil |     4 |    16 |    43 |    33 |    38 ||   134
       Summon Guardian G |       |       |     1 |    12 |     6 ||    19
       Summon Ice Beast  |       |       |       |   111 |   117 ||   228
       Summon Lightning  |       |       |       |    54 |    74 ||   128
       Summon Forest     |       |       |       |     4 |    14 ||    18
       Summon Hydra      |       |       |       |     1 |    23 ||    24
Invok: Channel Magic     |       |       |       |     1 |       ||     1
       Divine Energy     |       |       |       |       |     1 ||     1
Evoke: Wand              |       |       |       |     2 |       ||     2
  Use: Scroll            |       |       |    11 |    13 |     4 ||    28
       Potion            |       |       |       |     3 |       ||     3
 Stab: Distracted        |     1 |     2 |     3 |     5 |    23 ||    34
       Sleeping          |     1 |     2 |     5 |     5 |     4 ||    17
       Petrified         |       |       |       |     1 |       ||     1
  Eat: Chunk             |    13 |    12 |    36 |    50 |    68 ||   179
Armor: Robe              |    15 |    16 |    25 |   125 |   136 ||   317
       Leather armour    |       |       |    42 |    10 |       ||    52
Dodge: Dodged            |    59 |   100 |   165 |   451 |   703 ||  1478
Block: Buckler           |       |       |       |       |   105 ||   105
